 Dungeon Crawl Stone Soup version 0.21-a0-110-g8e1637b (webtiles) character file.

17 Profistyle the Sneak (level 2, 13/13 HPs)
             Began as a Spriggan Enchanter on Apr 13, 2015.
             Quit the game on level 1 of the Dungeon on July 10, 2017.
             The game lasted 00:01:47 (458 turns).

Profistyle the Sneak (Spriggan Enchanter)            Turns: 458, Time: 00:01:47

Health: 13/13      AC:  4    Str:  4    XL:     2   Next: 44%
Magic:  6/6        EV: 18    Int: 16    God:
Gold:   48         SH:  0    Dex: 16    Spells: 3/6 levels left

rFire    . . .     SeeInvis +   a - +1 dagger
rCold    . . .     Gourm    .   (shield restricted)
rNeg     . . .     Faith    .   b - +2 robe
rPois    .         Spirit   .   (helmet restricted)
rElec    .         Reflect  .   (no cloak)
rCorr    .         Harm     .   (gloves unavailable)
MR       .....                  (boots unavailable)
Stlth    +++.......             m - amulet of inaccuracy (curse)
HPRegen  0.04/turn              g - ring of see invisible
MPRegen  0.10/turn              (no ring)

@: very quick
A: unfitting armour, see invisible, herbivore 3, speed 3, slow metabolism 2
a: no special abilities


You were on level 1 of the Dungeon.
You were not hungry.

You visited 1 branch of the dungeon, and saw 1 of its levels.

You collected 48 gold pieces.

Inventory:

Hand Weapons
 a - a +1 dagger (weapon)
Armour
 b - a +2 robe (worn)
Jewellery
 f - a +0 amulet of reflection
 g - a ring of see invisible (left hand)
 m - a cursed amulet of inaccuracy (around neck)
Scrolls
 i - a scroll of amnesia
 k - a scroll of identify
Potions
 e - a potion of restore abilities
 h - a potion of heal wounds {unknown}
 j - a potion of curing {unknown}
Books
 c - a book of Maledictions

   Spells                             Type                      Level
   a - Corona                         Hexes                        1
   b - Ensorcelled Hibernation        Hexes/Ice                    2
   c - Confuse                        Hexes                        3
   d - Tukima's Dance                 Hexes                        3
   e - Dazzling Spray                 Conjuration/Hexes            3
Comestibles
 d - a bread ration


   Skills:
 + Level 1.7 Short Blades
 - Level 3.0 Dodging
 + Level 4.7 Stealth
 + Level 2.7 Spellcasting
 * Level 4.1 Hexes


You had 3 spell levels left.
You knew the following spells:

 Your Spells              Type           Power        Failure   Level  Hunger
a - Corona                Hex            ###....      3%          1    #......
b - Ensorcelled Hibernat  Hex/Ice        #.....       12%         2    ##.....


Dungeon Overview and Level Annotations

Branches:
Dungeon (1/15)

Altars:


Innate Abilities, Weirdness & Mutations

You are very small and have problems with some larger weapons.
You are too small for most types of armour.
You have supernaturally acute eyesight. (SInv)
You are a herbivore.
You cover ground extremely quickly.
You need consume almost no food.


Message History

Found 10 stones.
A goblin comes into view.
Found a mace.
A goblin is nearby!
You see here 5 tomahawks.
The helpless goblin fails to defend itself.
You impale the goblin!!
You kill the goblin!
No target in view!
m - a lumpy beryl amulet You remove your +0 amulet of reflection.
Oops, that amulet feels deathly cold.
m - a cursed amulet of inaccuracy (around neck)
As you read the scroll labeled FEANOELADO, it crumbles to dust.
It is a scroll of identify.
i - a scroll of amnesia
As you read the scroll labeled MASTRE NANN, it crumbles to dust.
It is a scroll of enchant armour.
Your +1 robe glows green for a moment.
Are you sure you want to abandon this character and quit the game? (Confirm with "yes".)

###### ##....## #... #......#
#... #...(..##### #...
#..@.......# #...
#..........# ..> #..........#
#########.####...(.....)#
..................#†...... #
.....####..###.####...##.. ..
........................ ..
..............#######.###.###
.).....##........####.##.....


There were no monsters in sight!

Vanquished Creatures
  2 ball pythons (D:1)
  A bat (D:1)
  2 goblins (D:1)
  2 hobgoblins (D:1)
  4 kobolds (D:1)
  3 frilled lizards (D:1)
  3 rats (D:1)
17 creatures vanquished.

Notes
Turn   | Place    | Note
-------+----------+-------------------------------------------
     0 | D:1      | Profistyle, the Spriggan Enchanter, began the quest for the Orb.
     0 | D:1      | Reached XP level 1. HP: 9/9 MP: 5/5
     8 | D:1      | Noticed a giant frog
    81 | D:1      | Upgraded the game from 0.17-a0-547-g5e20af8 to 0.21-a0-110-g8e1637b
    91 | D:1      | Reached XP level 2. HP: 11/13 MP: 6/6
    95 | D:1      | Learned a level 2 spell: Ensorcelled Hibernation
   458 | D:1      | Quit the game

Vault maps used:
D:1:      evilmike_arrival_come_back, minmay_shallow_snake_nest

Skill      XL: |  1  2 |
---------------+-------+-----
Hexes          | 4 |  4.1
Short Blades   | |  1.7
Dodging        | |  3.0
Stealth        | |  4.7
Spellcasting   | |  2.7

Action                   || total
-------------------------++-------
Melee: Dagger            ||    14
       Dagger            ||    37
  Use: Scroll            ||     2
 Stab: Sleeping          ||     1
       Sleeping          ||     2
Armor: Robe              ||     7
Dodge: Dodged            ||    28
